 Dungeon Crawl Stone Soup version 0.26-a0-1040-gbe3abf3417 (webtiles) character file.

Game seed: 5744820565860302361

2 Dracia the Chiller (level 1, 13/13 HPs)
             Began as a Merfolk Ice Elementalist on Dec 12, 2020.
             Got out of the dungeon alive.
             The game lasted 00:00:33 (286 turns).

Dracia the Chiller (Merfolk Ice Elementalist)        Turns: 286, Time: 00:00:34

Health: 13/13      AC:  2    Str:  8    XL:     1   Next: 30%
Magic:  3/3        EV: 13    Int: 14    God:
Gold:   8          SH:  0    Dex: 14    Spells: 3/4 levels left

rFire    . . .     SeeInvis .   g - +0 dagger
rCold    . . .     Faith    .   (no shield)
rNeg     . . .     Spirit   .   a - +0 robe
rPois    .         Reflect  .   (no helmet)
rElec    .         Harm     .   (no cloak)
rCorr    .         Rampage  .   (no gloves)
Will     .....                  (no boots)
Stlth    ++........             (no amulet)
HPRegen  0.04/turn              (no ring)
MPRegen  0.08/turn              (no ring)

@: no status effects
A: change form in water, swift swim, stealthy swim
a: no special abilities


You escaped.
You visited 1 branch of the dungeon, and saw 1 of its levels.

You collected 8 gold pieces.


   Skills:
 - Level 2.6 Dodging
 - Level 2.1 Stealth
 - Level 2.0 Spellcasting
 + Level 4.5 Ice Magic


You had 3 spell levels left.
You knew the following spells:

 Your Spells              Type           Power        Failure   Level
z - Freeze                Ice            ##..         3%          1

Your spell library contained the following spells:

 Spells                   Type           Power        Failure   Level
 Frozen Ramparts          Ice            ##....       11%         3
 Ozocubu's Armour         Ice            ##......     11%         3
 Hailstorm                Conj/Ice       #.......     67%         4
 Summon Ice Beast         Ice/Summ       #.......     67%         4

Inventory:

Hand Weapons
 g - a +0 dagger (weapon)
Armour
 a - a +0 robe (worn)
Scrolls
 b - 3 scrolls of blinking {unknown}
 c - a scroll of identify {unknown}
Potions
 d - a potion of lignification {unknown}
 e - a potion of brilliance {unknown}
 f - 2 potions of attraction {unknown}

Dungeon Overview and Level Annotations

Branches:
Dungeon (1/15)

Altars:

#......# # #. #......#
#. #. #......#
#.##.########.....##
#≈≈≈≈≈≈≈≈≈≈.......#
###≈8≈≈≈≈≈≈8≈..##.####
...≈≈8≈≈≈≈8≈≈..##....#
#§≈≈####≈≈≈..#####.#
#§≈≈#@.'≈≈≈..# #.#
#§§≈#..'≈≈§..# #.#
#≈≈≈####≈≈≈..# #.#
#≈≈8≈≈≈≈8≈≈..# #.#
#≈8≈≈≈≈≈≈8≈### #.#
#≈≈≈≈≈≈≈≈≈≈.# #.#
##.#####.##.# #.#
#############.#
#.##.######.#
..†........##.#
#.##........#


There were no monsters in sight!


Message History

f - 2 puce potions You now have 8 gold pieces (gained 5).
Found 15 stones.
What are your orders? t - Shout!
Orders for allies: a - Attack new target. r - Retreat! s - Stop attacking. g - Guard the area. f - Follow me.
Anything else - Cancel.
Okay, then.
You see here a dagger.
g - a dagger
Okay, then.
g - a +0 dagger (weapon)
(D) Dungeon
Where to? (? - help)
Okay, then.
Unknown command.
A frilled lizard comes into view.
The frilled lizard hisses angrily.
You hit the frilled lizard.
You kill the frilled lizard!
No target in view!
No target in view!
There is a stone staircase leading down here.
Your legs become a tail as you enter the water.
There is a large open door here.
There is a staircase leading out of the dungeon here.
Are you sure you want to leave the Dungeon?
This will make you lose the game!
You have escaped!

Action                   || total
-------------------------++-------
Melee: Dagger            ||     1
 Cast: Freeze            ||     2

Levels and vault maps discovered:
D:1:      lightli_arrival_boilingwater, layout_loops_ring, nrook_mini_vaults

Notes
Turn   | Place    | Note
-------+----------+-------------------------------------------
     0 | D:1      | Dracia the Merfolk Ice Elementalist began the quest for the
                  | Orb.
     0 | D:1      | Reached XP level 1. HP: 13/13 MP: 3/3
   286 | D:$      | Got out of the dungeon alive.

Vanquished Creatures
  A frilled lizard (D:1)
  A goblin (D:1)
  A rat (D:1)
3 creatures vanquished.

Table legend: (Time is in decaauts)
 A = Elapsed time spent in this place.
 B = Non-inter-level travel time spent in this place.
 C = Inter-level travel time spent in this place.
 D = Time resting spent in this place.
 E = Time spent auto-exploring this place.
 F = Levels seen in this place.
 G = Mean time per level.
                   A        B        C        D        E       F      G
               +--------+--------+--------+--------+--------+-----+--------+
         Total |    279 |    200 |     79 |      0 |    167 |   1 |  279.0 |
       Dungeon |    279 |    200 |     79 |      0 |    167 |   1 |  279.0 |
               +--------+--------+--------+--------+--------+-----+--------+

Top non-repeatable levels by time:
     D:1: 279 daAuts

Table legend:
 A = Non-vault XP
 B = Vault XP
 C = Vault XP percentage of total XP
 D = Non-vault monster count
 E = Vault monster count
 F = Vault count percentage of total count
                 A         B        C        D         E       F
            +---------+---------+-------+---------+---------+-------
      Total |       3 |       0 |   0.0 |       3 |       0 |   0.0
            +---------+---------+-------+---------+---------+-------
        D:1 |       3 |       0 |   0.0 |       3 |       0 |   0.0
            +---------+---------+-------+---------+---------+-------
